 Dungeon Sprint DCSS version 0.30.1-11-g7821555f0a (webtiles) character file.

Game seed: 628396119762696618

14016 Heoruswealwe the Phalangite (level 11, -22/119 HPs)
             Began as a Minotaur Fighter on Nov 8, 2023.
             Was an Initiate of Gozag.
             Annihilated by an ettin
             ... wielding a +0 dire flail
              (35 damage)
             ... in the Dungeon (Sprint IX: "|||||||||||||||||||||||||||||").
             The game lasted 00:10:52 (1950 turns).

Heoruswealwe the Phalangite (Minotaur Fighter)      Turns: 1950, Time: 00:10:53

Health: -22/119    AC: 23    Str: 28    XL:     11   Next: 83%
Magic:  10/10      EV: 10    Int:  5    God:    Gozag
Gold:   7598       SH:  0    Dex: 13    Spells: 10/10 levels left

rFire   . . .        b - +2 halberd of the Apocalypse {freeze, rCorr Str+3 Dex+3 SInv}
rCold   . . .        (shield currently unavailable)
rNeg    . . .        c - +0 plate armour
rPois   .            (helmet restricted)
rElec   .            h - +0 cloak
rCorr   +            (no gloves)
SInv    +            e - +0 pair of boots
Will    .....        (no amulet) Stlth
                     k - +2 ring of protection
HPRegen 0.39/turn    j - +2 ring of evasion
MPRegen 0.12/turn

%: no teleportation
@: gold aura
A: horns 2, retaliatory headbutt
a: Renounce Religion, Potion Petition, Call Merchant, Bribe Branch


You were in the Dungeon.
You worshipped Gozag.
Gozag was greatly pleased with you.
You visited 1 branch You collected 7598 gold pieces.

Inventory:

Hand Weapons
 a - a +0 trident
 b - the +2 halberd of the Apocalypse (weapon) {freeze, rCorr Str+3 Dex+3 SInv}
   (You found it in the Dungeon)

   Str:       It affects your strength (+3).
   Dex:       It affects your dexterity (+3).
   SInv:      It lets you see invisible.
   rCorr:     It protects you from acid and corrosion.
Armour
 c - a +0 plate armour (worn)
 d - a +0 buckler
 e - a +0 pair of boots (worn)
 h - a +0 cloak (worn)
Jewellery
 j - a +2 ring of evasion (right hand)
 k - a +2 ring of protection (left hand)
Wands
 s - a wand of quicksilver (10)
 t - a wand of charming (10)
Scrolls
 n - 2 scrolls of blinking
 p - 4 scrolls of enchant weapon
 q - 4 scrolls of enchant armour
 r - 2 scrolls of identify
Potions
 f - a potion of heal wounds
 g - a potion of haste
 i - a potion of berserk rage
 l - 7 potions of curing
 m - 3 potions of might
 o - a potion of mutation


   Skills:
 + Level 18.2 Fighting
 * Level 24.4 Polearms
 + Level 18.2 Armour
 - Level 3.6 Shields


You had 10 spell levels left.
You didn't know any spells.
Your spell library contained the following spells:

 Spells                   Type           Power      Damage    Failure   Level
 Freeze                   Ice            0%         1d3       95%         1
 Frozen Ramparts          Ice            0%         1d1       100%        3
 Hailstorm                Conj/Ice       0%         3d3       100%        3


Dungeon Overview and Level Annotations

Branches:
Dungeon (1/1)

Altars:
Cheibriados
Dithmenos
Elyvilon
Fedhas
Gozag
Hepliaklqana
Kikubaaqudgha
Makhleb
Nemelex Xobeh
Okawaru
Qazlal
Ru
Sif Muna
Trog
Uskayaw
Vehumet
Wu Jian
Xom
Yredelemnul
Zin
The Shining One
Jiyva
Lugonu

Shops:
D !?(*


Innate Abilities, Weirdness & Mutations

You have a pair of horns on your head.
You reflexively headbutt those who attack you in melee.


Message History

The ogre mage points at something and mumbles some strange words.
There is an entrance to Noutuc's General Store here.
There is an open door to Orc:2, spattered with blood here.
Items here: )) [[.
You hit the deep troll but do no damage.
Your headbutt misses the deep troll. The deep troll bites you!
The deep troll barely misses you. The deep troll closely misses you.
You completely miss the deep troll.
The deep troll bites you but does no damage.
The deep troll claws you! The deep troll barely misses you.
You chop the deep troll into pieces!!! You freeze the deep troll!
You kill the deep troll!
Reach: b) +2 halberd of the Apocalypse {freeze, rCorr Str+3 Dex+3 SInv}
Press: ? - help, Dir - move target, f - ettin
Aim: an ettin, wielding two +0 dire flails (about 12% to evade the +2 halberd of the Apocalypse)
You reach to attack!
You hit the ettin. You freeze the ettin.
The ettin is lightly wounded.
You hit the ettin but do no damage. You headbutt the ettin.
The ettin is lightly wounded.
The ogre mage mumbles some strange words.
The ogre mage flickers and vanishes for a moment.
The ogre mage gestures wildly while chanting.
The ogre mage flickers and vanishes for a moment.
The ettin hits you with a +0 dire flail!
The ettin hits you but does no damage.
You puncture the ettin! You freeze the ettin.
The ettin is moderately wounded.
You slash the ettin! You freeze the ettin.
The ettin is heavily wounded.
The ettin hits you with a +0 dire flail.
The ettin hits you with a +0 dire flail!!
* * * LOW HITPOINT WARNING * * *
The ogre mage casts a spell at the ogre mage.
The ogre mage seems to speed up.
You feel much better.
The ettin hits you with a +0 dire flail!!!
* * * LOW HITPOINT WARNING * * *
The ettin hits you with a +0 dire flail!!
You die...
Your body crumbles into a pile of gold.

▓$▓.▓.▓.▓[▓
▓∩▓.▓.▓.▓.▓
▓.▓.▓.▓.▓[▓
▓.▓.▓.▓.▓)▓
▓O▓.▓.▓.▓?▓
▓.▓.▓.▓.▓!▓
▓O▓.▓'▓.▓'▓
▓C▓.▓.▓.▓_▓
▓@▓.▓.▓.▓_▓
▓)▓.▓.▓.▓_▓
▓)▓.▓.▓.▓_▓
▓)▓.▓.▓.▓_▓
▓)▓.▓.▓.▓_▓
▓.▓.▓.▓.▓_▓
▓.▓.▓.▓.▓_▓
▓)▓.▓.▓.▓_▓
▓)▓.▓'▓.▓_▓


You could see an ettin and 2 ogre magi.

Vanquished Creatures
  A hydra (D)
  A boulder beetle (D)
  2 ogre magi (D)
  2 orc high priests (D)
  Sonja (D)
  3 deep trolls (D)
  3 lindwurms (D)
  An orc sorcerer (D)
  A cyclops (D)
  A salamander (shapeshifter) (D)
  A black mamba (D)
  2 komodo dragons (D)
  A rime drake (D)
  7 trolls (D)
  A tyrant leech (D)
  A polar bear (D)
  A blink frog (D)
  A culicivora (shapeshifter) (D)
  3 basilisks (D)
  6 water moccasins (D)
  10 orc warriors (D)
  An ice beast (D)
  A wolf (D)
  2 centaurs (D)
  3 bullfrogs (D)
  A gnoll sergeant (D)
  A killer bee (D)
  3 orc priests (D)
  3 orc wizards (D)
  A white imp (D)
  An ufetubus (D)
  4 worms (D)
  A dart slug (D)
  8 orcs (D)
  A goblin (D)
  A kobold (D)
  A quokka (D)
  A bat (D)
84 creatures vanquished.

Notes
Turn   | Place    | Note
-------+----------+-------------------------------------------
     0 | D        | Heoruswealwe the Minotaur Fighter began the quest for the
                  | Orb.
     0 | D        | Reached XP level 1. HP: 19/19 MP: 0/0
     9 | D        | Reached skill level 3 in Polearms
    14 | D        | Reached skill level 4 in Polearms
    23 | D        | Noticed an ice beast
    25 | D        | Reached XP level 2. HP: 18/28 MP: 1/1
    32 | D        | Killed an ice beast
    33 | D        | Reached skill level 8 in Polearms
    33 | D        | Reached XP level 3. HP: 27/38 MP: 2/2
    33 | D        | Reached XP level 4. HP: 32/45 MP: 3/3
    44 | D        | Found a snail-covered altar of Cheibriados.
    44 | D        | Found a shadowy altar of Dithmenos.
    44 | D        | Found a white marble altar of Elyvilon.
    44 | D        | Found a blossoming altar of Fedhas.
    44 | D        | Found an opulent altar of Gozag.
    45 | D        | Found a hazy altar of Hepliaklqana.
    46 | D        | Found a viscous altar of Jiyva.
    47 | D        | Found an ancient bone altar of Kikubaaqudgha.
    48 | D        | Found a corrupted altar of Lugonu.
    49 | D        | Found a burning altar of Makhleb.
    50 | D        | Found a sparkling altar of Nemelex Xobeh.
    51 | D        | Found an iron altar of Okawaru.
    52 | D        | Became a worshipper of Gozag Ym Sagoz the Greedy
    53 | D        | Found a stormy altar of Qazlal.
    54 | D        | Found a sacrificial altar of Ru.
    55 | D        | Found a shimmering blue altar of Sif Muna.
    56 | D        | Found a bloodstained altar of Trog.
    57 | D        | Found a hide-covered altar of Uskayaw.
    58 | D        | Found a radiant altar of Vehumet.
    59 | D        | Found an ornate altar of the Wu Jian Council.
    60 | D        | Found a shimmering altar of Xom.
    61 | D        | Found a basalt altar of Yredelemnul.
    62 | D        | Found a glowing silver altar of Zin.
    63 | D        | Found a glowing golden altar of the Shining One.
    79 | D        | Got the +2 halberd of the Apocalypse {freeze, rCorr Str+3
                  | Dex+3 SInv}
   114 | D        | Noticed a centaur
   114 | D        | Noticed a troll
   114 | D        | Noticed a troll
   114 | D        | Noticed a gnoll sergeant
   114 | D        | Noticed a centaur
   117 | D        | Killed a centaur
   118 | D        | Reached skill level 9 in Polearms
   118 | D        | Reached XP level 5. HP: 52/53 MP: 4/4
   119 | D        | Reached skill level 10 in Polearms
   127 | D        | Reached skill level 11 in Polearms
   127 | D        | Reached XP level 6. HP: 50/62 MP: 5/5
   128 | D        | Killed a troll
   129 | D        | Reached skill level 12 in Polearms
   129 | D        | Reached XP level 7. HP: 57/71 MP: 6/6
   137 | D        | Killed a troll
   138 | D        | Reached skill level 10 in Fighting
   138 | D        | Reached skill level 13 in Polearms
   138 | D        | Reached skill level 10 in Armour
   141 | D        | Reached skill level 14 in Polearms
   322 | D        | Noticed a fire crab
   322 | D        | Noticed a basilisk
   322 | D        | Noticed a basilisk
   322 | D        | Noticed a salamander
   322 | D        | Noticed a boulder beetle
   322 | D        | Noticed a cyclops
   325 | D        | Killed a cyclops
   326 | D        | Reached skill level 15 in Polearms
   326 | D        | Reached XP level 8. HP: 82/82 MP: 7/7
   336 | D        | Killed a salamander
   337 | D        | Reached skill level 16 in Polearms
   348 | D        | a fire crab changed into an entropy weaver
   348 | D        | Noticed an entropy weaver (shapeshifter)
   352 | D        | an entropy weaver changed into a culicivora
   352 | D        | Noticed a culicivora (shapeshifter)
   367 | D        | Killed a culicivora
   368 | D        | Reached XP level 9. HP: 35/92 MP: 8/8
   386 | D        | Killed a boulder beetle
   387 | D        | Reached skill level 17 in Polearms
   655 | D        | Noticed a komodo dragon
   656 | D        | Noticed a four-headed hydra
   658 | D        | Killed a komodo dragon
   659 | D        | Reached skill level 18 in Polearms
   675 | D        | Killed an 11-headed hydra
   676 | D        | Reached skill level 19 in Polearms
   684 | D        | Reached XP level 10. HP: 37/104 MP: 9/9
   891 | D        | Noticed a black mamba
   905 | D        | Killed a black mamba
   912 | D        | Reached skill level 20 in Polearms
   917 | D        | Reached skill level 15 in Fighting
   917 | D        | Reached skill level 15 in Armour
  1062 | D        | Noticed a lindwurm
  1063 | D        | Noticed a lindwurm
  1068 | D        | Killed a lindwurm
  1069 | D        | Noticed a lindwurm
  1077 | D        | Reached skill level 21 in Polearms
  1087 | D        | Killed a lindwurm
  1088 | D        | HP: 5/107 [lindwurm (6)]
  1091 | D        | Killed a lindwurm
  1343 | D        | Noticed Sonja
  1350 | D        | Killed Sonja
  1351 | D        | Reached XP level 11. HP: 95/114 MP: 10/10
  1447 | D        | Noticed an orc sorcerer
  1454 | D        | Reached skill level 22 in Polearms
  1461 | D        | Killed an orc sorcerer
  1540 | D        | Noticed an orc high priest
  1544 | D        | Noticed a soul eater
  1562 | D        | Noticed an orc high priest
  1572 | D        | Killed an orc high priest
  1578 | D        | Noticed a sixfirhy
  1595 | D        | Killed an orc high priest
  1603 | D        | Reached skill level 23 in Polearms
  1873 | D        | Found Noutuc's General Store.
  1873 | D        | Noticed an ogre mage
  1873 | D        | Noticed a deep troll
  1873 | D        | Noticed an ogre mage
  1875 | D        | Noticed a deep troll
  1879 | D        | Killed an ogre mage
  1883 | D        | Killed a deep troll
  1887 | D        | Killed an ogre mage
  1888 | D        | Killed a deep troll
  1889 | D        | Reached skill level 24 in Polearms
  1918 | D        | Found Zauptyah's Antique Weapon Shop.
  1922 | D        | Found Cudirih's Magic Scroll Boutique.
  1926 | D        | Found Zyimuecu's Distillery.
  1929 | D        | Noticed a deep troll
  1930 | D        | Noticed an ettin
  1930 | D        | Noticed an ogre mage
  1931 | D        | Noticed an ogre mage
  1945 | D        | Killed a deep troll
  1950 | D        | Annihilated by an ettin

Illustrated notes

Levels and vault maps discovered:
D:        linesprint [early_d, line_temple, items_1, d_10, items_2, lair_1,
          lair_end, items_3, orc_1, orc_end, items_4, d_15, swamp_1, shoals_1,
          snake_1, spider_1, d_20, vaults_1, items_5, swamp_end, shoals_end,
          snake_end, spider_end, vaults_end, d_27, items_6, zot_1, zot_end,
          crypt_end, forest_end, elf_end, slime_end, tomb_end, abyss_end,
          pan_hell_end]

Skill      XL: |  1  2  3  4  5  6  7  8  9 10 11 |
---------------+----------------------------------+-----
Polearms       | 4 8 9 11 12 15 16 19 21 24 | 24.4
Fighting       | 4 6 7 8 9 11 12 14 16 18 | 18.2
Armour         | 4 6 7 8 9 11 12 14 16 18 | 18.2
Shields        | |  3.6

Action                     |  1- 3 |  4- 6 |  7- 9 | 10-12 || total
---------------------------+-------+-------+-------+-------++-------
  Melee: Trident           |    18 |     5 |       |       ||    23
         Headbutt          |     3 |     2 |    15 |    46 ||    66
         Halberd           |       |    11 |    70 |   190 ||   271
    Use: Potion            |       |       |     2 |     2 ||     4
   Stab: Distracted        |       |       |       |     1 ||     1
 Armour: Scale mail        |     5 |     1 |       |       ||     6
         Chain mail        |       |     6 |    27 |    24 ||    57
         Plate armour      |       |       |       |    30 ||    30
  Dodge: Dodged            |     9 |    11 |    30 |    54 ||   104
  Block: Buckler           |     3 |     2 |       |       ||     5
